 Dungeon Crawl Stone Soup version 0.25.0-11-g1f837a76a1 (webtiles) character file.

Game seed: 18045525698699220053

268 Apogee the Grave Robber (level 6, -8/57 HPs)
             Began as a Deep Dwarf Necromancer on June 26, 2020.
             Mangled by a gnoll
             ... wielding a +0 halberd
              (10 damage)
             ... on level 4 of the Dungeon.
             The game lasted 00:11:07 (3397 turns).

Apogee the Grave Robber (Deep Dwarf Necromancer)    Turns: 3397, Time: 00:11:07

Health: -8/57      AC:  6    Str: 14    XL:     6   Next: 0%
Magic:  3/8        EV: 11    Int: 15    God:
Gold:   225        SH:  0    Dex: 13    Spells: 7/8 levels left

rFire    . . .     SeeInvis .   l - +1 hand axe
rCold    . . .     Gourm    .   (no shield)
rNeg     . . .     Faith    .   k - +0 ring mail
rPois    .         Spirit   .   (no helmet)
rElec    .         Reflect  .   (no cloak)
rCorr    .         Harm     .   (no gloves)
MR       .....                  m - +0 pair of boots
Stlth    +.........             (no amulet)
HPRegen  0.00/turn              (no ring)
MPRegen  0.11/turn              (no ring)

@: non-regenerating
A: damage resistance, heal wounds, sense surroundings 1, no regeneration
a: Heal Wounds


You were on level 4 of the Dungeon.
You were not hungry.

You visited 1 branch of the dungeon, and saw 4 of its levels.

You collected 225 gold pieces.

Inventory:

Hand Weapons
 g - a +0 war axe
 l - a +1 hand axe (weapon)
Missiles
 b - 185 stones (quivered)
Armour
 a - a +1 robe
 k - a +0 ring mail (worn)
 m - a +0 pair of boots (worn)
Scrolls
 e - 3 scrolls of teleportation
 f - 3 scrolls of identify
 j - a scroll of enchant weapon
Potions
 h - a potion of mutation {unknown}
 i - a potion of brilliance
 p - 4 potions of curing
Comestibles
 c - 5 rations
 d - 4 chunks of flesh


   Skills:
 - Level 4.2 Fighting
 + Level 3.6 Axes
 - Level 2.1 Dodging
 - Level 2.4 Stealth
 - Level 1.7 Spellcasting
 - Level 4.3 Necromancy


You had 7 spell levels left.
You knew the following spells:

 Your Spells              Type           Power        Failure   Level  Hunger
a - Pain                  Necr           ##..         8%          1    ##.....

Your spell library contained the following spells:

 Spells                   Type           Power        Failure   Level  Hunger
 Animate Skeleton         Necr           N/A          8%          1    ##.....
 Vampiric Draining        Necr           ##........   24%         3    ####...
 Animate Dead             Necr           N/A          61%         4    #####..
 Agony                    Necr           ##......     91%         5    ######.


Dungeon Overview and Level Annotations

Branches:
Dungeon (4/15)
 Temple: D:4-7

Altars:
Cheibriados
Fedhas
Nemelex Xobeh
Vehumet

Annotations:
D:3 Sigmund


Innate Abilities, Weirdness & Mutations

You are resistant to damage.
You can heal yourself by infusing magical energy.
You passively map a small area around you.
You do not regenerate.


Message History

* * * LOW HITPOINT WARNING * * *
You see here 2 arrows.
Something hits the bush but does no damage.
The gnoll shaman calls upon its god to speed up the gnoll.
The gnoll seems to speed up.
Something hits the bush but does no damage.
The centaur wields a +1 vorpal shortbow.
The centaur shoots an arrow.
The arrow closely misses you.
The centaur shoots an arrow.
The arrow hits you but does no damage.
The gnoll hits you from afar with a +0 halberd.
The centaur shoots an arrow.
The arrow closely misses you.
You see here 2 arrows.
Something hits the bush but does no damage.
The gnoll throws a stone.
The stone hits you but does no damage. The gnoll hits you but does no damage.
You see here a stone.
The gnoll closely misses you.
There is a stone staircase leading up here.
The gnoll hits you from afar with a +0 halberd!
You die...

### #### #.###
##..## ##..##
.....##### #...##
..#......# ##....##
,
.####....###g(g.@.#
## ##......(.g##..#
#
##........#####..#
#........## ..#
#..###..#..# ..#
#..###......# *..#
..#*#.(.PP..# ..#
.# ##(.PPPP.# ..#
.###(#.PPcPP# *


You could see a gnoll shaman and 2 gnolls.

Vanquished Creatures
  A scorpion (D:4)
  A hound (D:4)
  2 orc wizards
  7 adders
  An ooze (D:2)
  A dart slug (D:2)
  8 orcs
  5 bats
  3 giant cockroaches
  8 goblins
  8 hobgoblins
  3 jackals (D:3)
  2 quokkas
  2 frilled lizards
  7 kobolds
  7 rats
66 creatures vanquished.

Notes
Turn   | Place    | Note
-------+----------+-------------------------------------------
     0 | D:1      | Apogee the Deep Dwarf Necromancer began the quest for the
                  | Orb.
     0 | D:1      | Reached XP level 1. HP: 15/15 MP: 3/3
   269 | D:1      | Reached skill level 1 in Fighting
   447 | D:1      | Reached XP level 2. HP: 19/25 MP: 0/4
  1097 | D:2      | Reached XP level 3. HP: 25/33 MP: 1/5
  1626 | D:2      | Found a snail-covered altar of Cheibriados.
  2171 | D:3      | Found a radiant altar of Vehumet.
  2175 | D:3      | Reached XP level 4. HP: 29/42 MP: 4/6
  2247 | D:3      | Noticed Sigmund
  2367 | D:3      | Found a sparkling altar of Nemelex Xobeh.
  3019 | D:4      | Found a blossoming altar of Fedhas.
  3104 | D:4      | Reached XP level 5. HP: 19/50 MP: 2/7
  3171 | D:4      | Reached skill level 1 in Axes
  3373 | D:4      | Reached XP level 6. HP: 13/57 MP: 0/8
  3386 | D:4      | HP: 2/57 [centaur/arrow (3)]
  3397 | D:4      | Mangled by a gnoll

Illustrated notes

Levels and vault maps discovered:
D:1:      matt_arrival_refuge, layout_loops_ring, corexii_leaking_fountain,
          grunt_decor_one_mirror
D:2:      layout_basic, kennysheep_slug_shrine
D:3:      cheibrodos_old_hovel, layout_loops_ring, vehumet_crystals,
          nicolae_overflow_crystal_walls, uniq_sigmund
D:4:      layout_layer_cave, fedhas_bush_and_centaur_altar,
          minmay_temple_entry_waves, minmay_misc_feat_plants

Skill      XL: |  1  2  3  4  5 |
---------------+----------------+-----
Fighting       | 1 2 3 4 |  4.2
Axes           | 3 |  3.6
Dodging        | |  2.1
Stealth        | |  2.4
Spellcasting   | |  1.7
Necromancy     | |  4.3

Action                   |  1- 3 |  4- 6 || total
-------------------------+-------+-------++-------
Melee: Dagger            |    13 |       ||    13
       Club              |     5 |       ||     5
       Hand axe          |    14 |    60 ||    74
Throw: Stone             |     1 |       ||     1
 Cast: Pain              |    58 |    66 ||   124
 Abil: Heal Wounds       |       |     1 ||     1
  Use: Scroll            |     5 |     2 ||     7
       Potion            |     4 |     3 ||     7
 Stab: Sleeping          |     1 |       ||     1
  Eat: Chunk             |     4 |     7 ||    11
Armor: Ring mail         |    10 |    19 ||    29
       Robe              |       |     2 ||     2
Dodge: Dodged            |    48 |    47 ||    95
